 Dungeon Crawl Stone Soup version 0.17-a0-1397-g0eee0a3 (webtiles) character file.

8037 ololoev the Carver (level 11, -7/75 HPs)
             Began as a Mummy Chaos Knight on June 17, 2015.
             Mangled by a yak (17 damage)
             ... on level 7 of the Dungeon.
             The game lasted 00:37:11 (10606 turns).

ololoev the Carver (Mummy Chaos Knight)            Turns: 10606, Time: 00:37:11

Health: -7/75      AC: 18    Str: 19    XL:     11   Next: 4%
Magic:  11/11      EV:  8    Int: 11    God:    Xom [.*....]
Gold:   177        SH:  0    Dex: 12    Spells: 0 memorised, 10 levels left

rFire  x . .     SeeInvis +     a - +0 falchion (chaos)
rCold  + . .     Clarity  .     d - +0 plate armour
rNeg   + + +     SustAt   .     (no shield)
rPois  ∞         Gourm    .     (no helmet)
rElec  .         Spirit   .     e - +0 cloak
rCorr  .         Warding  .     (no gloves)
rMut   .         Stasis   .     (no boots)
MR     +....                    (no amulet)
Stlth  ..........               g - +3 ring of protection
                                r - ring of see invisible

@: about to teleport, somewhat resistant to hostile enchantments, extremely
unstealthy
A: no food or potions, fire vulnerability, cold resistance 1, negative energy
resistance 3, torment resistance, unbreathing
a: Renounce Religion


Innate Abilities, Weirdness & Mutations

You do not eat or drink.
Your flesh is vulnerable to fire.
You are immune to poison.
Your flesh is cold resistant.
You are immune to negative energy.
You are immune to unholy pain and torment.
You can survive without breathing.

Inventory:

Hand weapons
 a - a +0 falchion of chaos (weapon)
Armour
 d - a +0 plate armour (worn)
 e - a +0 cloak (worn)
Jewellery
 g - a +3 ring of protection (right hand)
 j - an uncursed ring of protection from magic
 k - an uncursed ring of fire
 r - a ring of see invisible (left hand)
Magical devices
 i - a wand of digging (15)
 p - a wand of teleportation (2)
 q - a wand of heal wounds (2)
Scrolls
 b - 4 scrolls of remove curse
 c - a scroll of teleportation
 f - 2 scrolls of identify
 h - 2 scrolls of blinking
 l - 3 scrolls of enchant armour
 m - 2 scrolls of magic mapping
 n - a scroll of fog


   Skills:
 - Level 3.0 Fighting
 * Level 11.8 Long Blades
 + Level 8.4 Armour
 - Level 4.5 Dodging


You had 10 spell levels left.
You didn't know any spells.


You were on level 7 of the Dungeon.
You worshipped Xom.
You were a plaything of Xom.
You were not hungry.

You visited 1 branch of the dungeon, and saw 9 of its levels.
You also visited: Ossuary.

You collected 418 gold pieces.
You spent 241 gold pieces at shops.

# #.### #####......###.#
#.# # #...#
#............#.# #.# #
###.# #.###......#.#.# #.#
## #.# #.# ##....##.#.#
#.###
.#######.###.####.#.#.....#
#.#.#
#.....)....).....[>)..###.#
#..#.
.........###.####..#..# #.#
###.# #.########
#.#####....###.# #.# .##
#.##.@Yp.#.....# #.#
#########
#.##.#######.#######.#
........# #.##.#
#.........# #######.#
#.##># ########### #.#
#.##.# #.# #.##.# #.#
#.##.# #.# #.##.# #.#
#.##.#

Notes
Turn   | Place    | Note
--------------------------------------------------------------
     0 | D:1      | ololoev the Mummy Chaos Knight began the quest for the Orb.
     0 | D:1      | Reached XP level 1. HP: 18/18 MP: 1/1
    42 | D:1      | Reached XP level 2. HP: 13/24 MP: 2/2
   113 | D:1      | XOM: harmless Erth miscast
   652 | D:1      | XOM: divination: detect creatures
   686 | D:1      | XOM: harmless Conj miscast
   799 | D:2      | Reached XP level 3. HP: 20/29 MP: 3/3
  1073 | D:2      | XOM: divination: detect creatures
  1086 | D:2      | Found a stormy altar of Qazlal.
  1115 | D:2      | XOM: divination: detect items
  1218 | D:2      | XOM: god gift: sharpened wooden wand {god gift}
  1248 | D:2      | XOM: god gift: 35 gold pieces
  1301 | D:2      | XOM: fake destruction
  1543 | D:2      | Reached XP level 4. HP: 24/35 MP: 4/4
  1702 | D:2      | Found a bloodstained altar of Trog.
  1739 | D:2      | XOM: scenery: create altars
  1748 | D:2      | XOM: god gift: 27 stones
  1799 | D:3      | Noticed Sigmund
  1864 | D:2      | XOM: god gift: scroll labeled MUFEMU QATUNG
  1995 | D:3      | Noticed Terence
  2000 | D:3      | XOM: summons friendly shadow imp
  2023 | D:3      | Killed Terence
  2251 | D:3      | XOM: fake destruction
  2253 | D:3      | Reached XP level 5. HP: 37/41 MP: 5/5
  2258 | D:3      | Reached skill level 4 in Long Blades
  2297 | D:3      | Noticed Fluffy's ghost (average GrFi)
  2299 | D:3      | XOM is BORED!
  2299 | D:3      | XOM: mild Fire miscast
  2362 | D:3      | Killed Sigmund
  2405 | D:3      | Found a white marble altar of Elyvilon.
  2422 | D:3      | Killed Fluffy's ghost
  2422 | D:3      | Reached XP level 6. HP: 44/47 MP: 6/6
  2679 | D:3      | Found an opulent altar of Gozag.
  2938 | D:4      | Noticed Eustachio
  2965 | D:4      | Reached skill level 5 in Long Blades
  3010 | D:4      | Found Unidom's Magic Scroll Shoppe.
  3023 | D:4      | Bought a scroll of identify for 22 gold pieces
  3023 | D:4      | Bought a scroll of identify for 22 gold pieces
  3023 | D:4      | Bought a scroll of noise for 11 gold pieces
  3023 | D:4      | Bought a scroll of blinking for 82 gold pieces
  3053 | D:4      | Found a blossoming altar of Fedhas.
  3104 | D:4      | Found Vorr's Gadget Emporium.
  3149 | D:4      | XOM: cast spell 'Dispersal'
  3311 | D:3      | XOM: divination: detect creatures
  3366 | D:4      | XOM is BORED!
  3366 | D:4      | XOM: 1-stop teleportation journey
  3434 | D:4      | XOM: enchant monster (good)
  3486 | D:4      | Reached XP level 7. HP: 49/52 MP: 7/7
  3578 | D:4      | Noticed Television's ghost (weakling TrMo)
  3578 | D:4      | XOM: enchant monster (good)
  3618 | D:4      | XOM: divination: magic mapping
  3777 | D:4      | XOM: harmless Necr miscast
  3779 | D:4      | Killed Eustachio
  3793 | D:4      | XOM: 3-stop teleportation journey
  3796 | D:4      | Found Xoics's Distillery.
  3832 | D:4      | Reached skill level 6 in Long Blades
  3919 | D:4      | XOM: 5-stop teleportation journey
  3922 | D:4      | XOM: enchant monster (bad)
  3942 | D:4      | XOM: 2-stop teleportation journey
  4148 | D:4      | Found a snail-covered altar of Cheibriados.
  4341 | D:4      | Found a burning altar of Makhleb.
  4447 | D:4      | XOM: harmless Fire miscast
  4498 | D:5      | Entered Level 5 of the Dungeon
  4640 | D:5      | XOM: mild Fire miscast
  4672 | D:5      | Found a deep blue altar of Sif Muna.
  4672 | D:5      | Found an iron altar of Okawaru.
  4672 | D:5      | Found an ancient bone altar of Kikubaaqudgha.
  4672 | D:5      | XOM: 4-stop teleportation journey
  4725 | D:4      | XOM: summons 3 hostile demons
  4726 | D:4      | Noticed a smoke demon
  4726 | D:4      | Noticed a rust devil
  5156 | D:5      | XOM: harmless Fire miscast
  5315 | D:5      | XOM: enchant monster (bad)
  5328 | D:5      | XOM: summons 5 hostile shadow creatures
  5329 | D:5      | XOM: confusion (+ monsters)
  5531 | D:5      | XOM: harmless Air miscast
  5558 | D:5      | Reached XP level 8. HP: 58/58 MP: 8/8
  5562 | D:5      | XOM: god gift: leather armour {god gift}
  5589 | D:5      | Reached skill level 7 in Long Blades
  5686 | D:4      | XOM: mild Trmt miscast
  5701 | D:4      | XOM: harmless Trmt miscast
  5766 | D:5      | XOM: summons friendly white imp
  5773 | D:5      | Reached skill level 5 in Armour
  6077 | D:5      | XOM: medium Air miscast
  6305 | D:5      | XOM: mild Chrm miscast
  6463 | D:5      | XOM: harmless Necr miscast
  6513 | D:4      | Bought a scroll of recharging for 104 gold pieces
  6542 | D:4      | XOM: severe Conj miscast
  6565 | D:5      | XOM: colour smoke trail
  6640 | D:6      | XOM: harmless Ice miscast
  6746 | D:6      | Found a sacrificial altar of Ru.
  6836 | D:6      | XOM: noise
  6867 | D:6      | Found a staircase to the Ecumenical Temple.
  6902 | D:6      | XOM: 3-stop teleportation journey
  6934 | D:6      | Found a sparkling altar of Nemelex Xobeh.
  6983 | D:6      | XOM: divination: detect creatures
  7007 | D:6      | Reached skill level 8 in Long Blades
  7208 | D:6      | XOM: enchant monster (bad)
  7209 | D:6      | XOM: confusion
  7215 | D:6      | XOM: divination: detect items
  7225 | D:6      | XOM: summons friendly white imp
  7424 | D:6      | XOM: god gift: scroll labeled MUFEMU QATUNG
  7439 | D:6      | XOM: destruction
  7479 | D:6      | Reached XP level 9. HP: 63/63 MP: 9/9
  7564 | D:7      | XOM: god gift: steel ring {god gift}
  7646 | D:7      | XOM: medium Fire miscast
  7765 | D:7      | XOM: fog
  7892 | D:7      | You fall through a shaft for 2 floors!
  8018 | D:9      | Found Qiqut's Food Boutique.
  8073 | D:9      | Found Zaipt's Book Shoppe.
  8114 | D:9      | HP: 2/63 [ogre/giant club (17)]
  8120 | D:9      | HP: 2/63 [ogre/giant club (21)]
  8289 | D:9      | Reached skill level 9 in Long Blades
  8369 | D:9      | XOM: vitrification
  8380 | D:9      | XOM: 7-stop teleportation journey
  8391 | D:8      | Found a staircase to the Lair.
  8391 | D:8      | XOM: 3-stop teleportation journey
  8394 | D:8      | Found a sand-covered staircase.
  8407 | Ossuary  | Entered an ossuary
  8512 | Ossuary  | XOM: vitrification
  8514 | Ossuary  | XOM: 1-stop teleportation journey
  8536 | Ossuary  | XOM: harmless Hex miscast
  8537 | Ossuary  | XOM: silly message
  8754 | D:8      | Noticed Joseph
  8764 | D:8      | Noticed Joseph
  8764 | D:8      | Joseph changed into Joseph the shapeshifter
  8765 | D:8      | Noticed Joseph
  8765 | D:8      | Joseph the shapeshifter changed into Joseph the harpy
  8771 | D:8      | XOM: potion effect (experience)
  8771 | D:8      | Reached skill level 11 in Long Blades
  8771 | D:8      | Reached XP level 10. HP: 41/70 MP: 10/10
  8782 | D:8      | Killed Joseph the harpy
  8783 | D:8      | XOM: 1-stop teleportation journey
  8790 | D:8      | XOM: enchant monster (good)
  8798 | D:8      | XOM: silly message
  8803 | D:8      | XOM: divination: detect creatures
  8809 | D:8      | XOM: fog
  9085 | D:8      | XOM: confuse monster(s)
  9234 | D:8      | Noticed Grum
  9420 | D:8      | XOM: summons friendly ufetubus
  9440 | D:8      | Noticed Maurice
  9442 | D:8      | XOM: summons friendly shadow imp
  9445 | D:7      | XOM: confuse monster(s)
  9594 | D:7      | XOM: silly message
  9623 | D:7      | XOM: noise
  9624 | D:7      | Found a shadowy altar of Dithmenos.
  9733 | D:7      | XOM: noise
  9815 | D:7      | Found a shimmering altar of Xom.
 10145 | D:7      | Reached XP level 11. HP: 45/75 MP: 11/11
 10438 | D:7      | Killed Grum
 10574 | D:8      | Noticed Pikel
 10606 | D:7      | Mangled by a yak

Dungeon Overview and Level Annotations

Branches:
Dungeon (9/15)             Temple (0/1) D:6            Lair (0/8) D:8
    Orc: D:9-12

Altars:
Cheibriados
Dithmenos
Elyvilon
Fedhas
Gozag
Kikubaaqudgha
Makhleb
Nemelex Xobeh
Okawaru
Qazlal
Ru
Sif Muna
Trog
Xom

Shops:
D:4 !}?   D:9 %:

Annotations:
D:4 Television's ghost, weakling TrMo
D:6 Television's ghost, weakling TrMo
D:7 Maurice
D:8 Pikel


Message History

The yak is lightly wounded.
The yak gores you but does no damage.
You slash the yak!
The yak is moderately wounded.
The yak gores you but does no damage.
You hit the yak.
The yak is moderately wounded.
The yak barely misses you.
You barely miss the yak.
The yak is moderately wounded.
The yak gores you but does no damage.
You hit the yak. You freeze the yak.
The yak is heavily wounded.
The yak gores you!
You barely miss the yak.
The yak is heavily wounded.
The yak gores you.
You closely miss the yak.
The yak is heavily wounded.
The yak gores you!
You closely miss the yak.
The yak is moderately wounded.
The yak gores you but does no damage.
You hit the yak but do no damage.
The yak is moderately wounded.
The yak gores you.
You hit the yak.
The yak is heavily wounded.
The yak gores you but does no damage. x2
You hit the yak but do no damage.
The yak is heavily wounded.
The yak gores you!
You slash the yak!
The yak is poisoned.
The yak is heavily wounded.
The yak gores you!
Read which item? (? for menu, Esc to quit)
As you read the scroll of teleportation, it crumbles to dust.
You feel strangely unstable. The yak gores you!
You die...
Xom chortles!

You could see a yak (berserk) and a slave.

Vanquished Creatures
  A harpy (shapeshifter) (D:8)
  A troll (D:7)
  A yak (D:7)
  A human (D:7)
  A hippogriff (D:8)
  Eustachio (D:4)
  Grum (D:7)
  4 wolves
  3 ice beasts
  A slave (D:7)
  2 black bears
  2 sky beasts
  3 centaurs
  2 phantoms
  2 ogres (D:9)
  A gnoll sergeant (D:5)
  7 big kobolds (D:8)
  A giant frog (D:7)
  3 scorpions
  A wight (D:7)
  5 hounds
  2 centaur zombies (Ossuary)
  3 crimson imps (D:5)
  A quasit (D:7)
  2 giant frog skeletons (D:5)
  A jelly (D:5)
  2 orc priests (D:4)
  An iguana (D:7)
  2 orc wizards
  Terence (D:3)
  8 worker ants
  3 sheep (D:7)
  5 mummies (Ossuary)
  A worker ant zombie (D:6)
  7 gnolls
  9 adders
  2 shadow imps
  4 oozes
  4 adder skeletons
  2 worms (D:2)
  5 giant geckos
  13 orcs
  3 ball pythons
  A bat skeleton (D:4)
  2 bat zombies
  8 giant cockroaches
  26 hobgoblins
  9 jackals
  12 kobolds
  A quokka (D:4)
  19 bats
  3 giant newts
  13 goblins
  A goblin zombie (D:8)
  A quokka zombie (D:8)
  13 rats
234 creatures vanquished.

Vanquished Creatures (collateral kills)
  Sigmund (D:3)
  The ghost of Fluffy the Cudgeler, an average GrFi of Okawaru (D:3)
  A crocodile (D:5)
  A crimson imp (D:6)
  A worker ant (D:3)
  An adder zombie (D:3)
  A giant gecko (D:3)
  2 orcs (D:7)
  2 hobgoblins (D:3)
  3 jackals (D:3)
  2 kobolds (D:3)
  A giant newt (D:3)
17 creatures vanquished.

Vanquished Creatures (others)
  An iguana (D:8)
  A worker ant (D:7)
  A giant cockroach (D:3)
  A hobgoblin (D:7)
4 creatures vanquished.

Grand Total: 255 creatures vanquished

Action                   |  1- 3 |  4- 6 |  7- 9 | 10-12 || total
-------------------------+-------+-------+-------+-------++-------
Melee: Falchion          |   153 |   188 |   614 |   349 ||  1304
Throw: Javelin           |       |       |    11 |       ||    11
Evoke: Wand              |       |       |     7 |     2 ||     9
  Use: Scroll            |       |       |    18 |     1 ||    19
 Stab: Paralysed         |       |     4 |    10 |     7 ||    21
       Confused          |       |       |     6 |     2 ||     8
       Petrifying        |       |       |     6 |     1 ||     7
       Petrified         |       |       |     2 |     3 ||     5
       Distracted        |       |       |     1 |       ||     1
       Sleeping          |       |       |     1 |       ||     1

Vault maps used:
D:1:      saegor_arrival_simple_b
D:2:      lemuel_doored_altar, nicolae_overflow_crystal_walls, first_bread,
          minmay_misc_feat_encased
D:3:      grunt_gozag_statues, elyvilon_altar_1,
          hangedman_abyss_or_decor_lesser_grid, lemuel_flame_loot_1,
          uniq_sigmund, uniq_terence
D:4:      cheibriados_altar_1, kennysheep_mini, lightli_temple_of_fire,
          serial_shops, nicolae_shop_behind_doors, nicolae_shop_statue_plus,
          shop, minmay_misc_feat_rows, grunt_ministairs_6, uniq_eustachio
D:5:      gammafunk_temple_overflow_forgotten, minmay_liquid_box,
          grunt_ministairs_3
D:6:      lemuel_crystal_altar, nemelex_deck, minmay_temple_entry_mist,
          st_stairs_6
D:7:      xom_confusion_cloud, nicolae_dithmenos_shadow_blocks, grunt_livestock
D:8:      david_lair_generic, enter_ossuary_4, basic_altar, special_room,
          uniq_pikel, uniq_maurice, uniq_grum, uniq_joseph
D:9:      serial_shops, nicolae_shop_waterfront, nicolae_shop_window_shopping,
          shop
Ossuary:  ossuary_the_hunt_dpeg
